 Dungeon Crawl Stone Soup version 0.17-a0-1582-ge6b0260 (webtiles) character file.

24 patman the Skirmisher (level 3, -6/29 HPs)
             Began as an Octopode Wanderer on July 27, 2015.
             Mangled by Sigmund
             ... wielding a +0 scythe
              (12 damage)
             ... on level 2 of the Dungeon.
             The game lasted 00:01:53 (958 turns).

patman the Skirmisher (Octopode Wanderer)            Turns: 958, Time: 00:01:53

Health: -6/29      AC:  1    Str: 10    XL:     3   Next: 2%
Magic:  3/3        EV: 12    Int: 14    God:
Gold:   51         SH:  3    Dex: 13    Spells: 0 memorised, 2 levels left

rFire  . . .     SeeInvis .     d - +0 dagger
rCold  . . .     Clarity  .     g - +0 buckler
rNeg   . . .     SustAt   .     (helmet restricted)
rPois  .         Gourm    .     (no amulet)
rElec  .         Spirit   .     (no ring)
rCorr  .         Warding  .     (no ring)
rMut   .         Stasis   .     (no ring)
MR     .....                    (no ring)
Stlth  +++.......               (no ring)
                                (no ring)
                                (no ring)
                                (no ring)

@: not resistant to hostile enchantments, fairly stealthy
A: almost no armour, amphibious, 8 rings, constrict 8, camouflage 1, gelatinous
body 1
a: no special abilities


You were on level 2 of the Dungeon.
You were not hungry.

You visited 1 branch of the dungeon, and saw 2 of its levels.

You collected 51 gold pieces.

Inventory:

Hand weapons
 d - a +0 dagger (weapon)
Armour
 g - a +0 buckler (worn)
Scrolls
 b - 3 scrolls of teleportation
 f - 4 scrolls of identify {unknown}
 j - a scroll of remove curse {unknown}
 k - a scroll of enchant armour {unknown}
 l - a scroll of immolation {unknown}
Potions
 a - a potion of heal wounds
 i - a potion of brilliance {unknown}
Comestibles
 e - a bread ration
 h - a meat ration


   Skills:
 - Level 5.0 Fighting
 - Level 1.0 Short Blades
 * Level 2.5 Dodging
 - Level 2.6 Stealth
 - Level 2.0 Unarmed Combat


You had 2 spell levels left.
You didn't know any spells.

Dungeon Overview and Level Annotations

Branches:
Dungeon (2/15)

Altars:

Annotations:
D:2 Sigmund


Innate Abilities, Weirdness & Mutations

You cannot wear most types of armour.
You are amphibious.
You can wear up to eight rings at the same time.
You can use your tentacles to constrict eight enemies at once.
Your skin changes colour to match your surroundings (Stealth).
Your rubbery body absorbs attacks (AC +1).


Message History

You feel sick. You block the adder's attack.
You feel sick. The adder bites you.
You are confused.
The adder bites you.
You feel sick.
You bump into the rock wall.
The adder bites you.
* * * LOW HITPOINT WARNING * * *
You are more poisoned.
The adder poisons you! The adder closely misses you. The adder bites you.
* * * LOW HITPOINT WARNING * * *
You bump into the rock wall.
The adder bites you.
* * * LOW HITPOINT WARNING * * *
You are more poisoned.
The adder poisons you! The adder closely misses you.
Unknown command.
Drink which item? (? for menu, Esc to quit)
You feel better. The adder bites you.
* * * LOW HITPOINT WARNING * * *
Something hits you!
You die...

...#.####....######## ...#...
#....#######
...###.##..........# .....
.##..........#
.......####+#......# .......+
+......#####
.......####+#......#.).#
######.##.....gSS#.#.#.#####.#
.##......#@#...#.......#
#.....##.###...#######
#.....##.......# #.....
#####...# ...... ###.# .....
#<# .... ###


You could see 2 adders and a hobgoblin.

Vanquished Creatures
  An ooze (D:1)
  A giant gecko (D:1)
  3 goblins
  4 hobgoblins
  2 ball pythons (D:1)
  2 bats
  A giant newt (D:1)
  4 rats (D:1)
18 creatures vanquished.

Notes
Turn   | Place    | Note
--------------------------------------------------------------
     0 | D:1      | patman the Octopode Wanderer began the quest for the Orb.
     0 | D:1      | patman set off with: 2 potions of heal wounds, a scroll of teleportation, a potion of curing, a +0 dagger, a bread ration
     0 | D:1      | Reached XP level 1. HP: 18/18 MP: 1/1
   106 | D:1      | Reached skill level 1 in Dodging
   267 | D:1      | Reached XP level 2. HP: 21/24 MP: 2/2
   916 | D:2      | Reached XP level 3. HP: 29/29 MP: 3/3
   931 | D:2      | Noticed Sigmund
   957 | D:2      | HP: 1/29 [adder (3)]
   958 | D:2      | Mangled by Sigmund

Vault maps used:
D:1:      tarquinn_simple_flora_water_b, kennysheep_pointless_box,
          hangedman_abyss_or_decor_lesser_grid
D:2:      overflow_temple_1_default, first_bread, corner_web_ring, uniq_sigmund

Action                   || total
-------------------------++-------
Melee: Dagger            ||    37
  Use: Potion            ||     2
 Stab: Sleeping          ||     6
